Cogmind - Beta 14 @@@ ROGUE MODE // 2024.09.05 @ 11:41:42 Player: Helstads_dog Result: Self-destructed Performance ------------- Evolutions (0) 0 Regions Visited (3) 600 Robots Destroyed (41) 205 Value Destroyed (1084) 1084 Prototype IDs (16) 320 Alien Tech Used (0) 0 Bonus (0) 0 TOTAL SCORE: 2209 Bonus ------- None Cogmind --------- Core Integrity 20/250 Matter 261/300 Energy 250/250 System Corruption 0% Temperature Cool (0) Movement Rolling (120) Ox1 Location -9/Recycling Parts ------- > --- POWER (1) -------- Ion Engine > --- PROPULSION (2) --- Light Treads Subdweller Monowheel > --- UTILITY (2) ------ Heat Sink Large Storage Unit > --- WEAPON (2) ------- Heavy EM Pulse Gun Heavy Riot Gun > --- INVENTORY (15) --- Subdweller Power Source Subdweller Power Source Light Treads Riot Gun Subdweller Laser Assault Rifle Assault Rifle Barrage Gun Subdweller Shrapnel Launcher Mining Claw Peak State ------------ > --- POWER ------------ Ion Engine > --- PROPULSION ------- Spiked Treads Wheel > --- UTILITY ---------- Heat Sink Large Storage Unit > --- WEAPON ----------- Heavy EM Pulse Gun Makeshift Shrapnel Gun > --- INVENTORY -------- Ion Engine Light Treads Light Treads Wheel Cobbler Unit Heavy EM Pulse Gun Subdweller Laser Light EM Pulse Cannon Particle Cannon Particle Cannon Assault Rifle Assault Rifle Subdweller Shrapnel Launcher Mining Claw [Rating: 14] Favorites ----------- Power Ion Engine Engine Ion Engine Propulsion Light Treads Treads Light Treads Leg Aluminum Leg Wheel Wheel Utility Large Storage Unit Device Heat Sink Storage Large Storage Unit Processor Signal Interpreter Weapon Heavy EM Pulse Gun Energy Gun Heavy EM Pulse Gun Ballistic Gun Makeshift Shrapnel Gun Launcher Subdweller Shrapnel Launcher Slashing Weapon Mining Claw Build | -11 -10 -10 -9 ------- Run | Yrd Mat Sub Rec Slots Evolved . | . . . . Power . | . . . . Propulsion . | . . . . Utility . | . . . . Weapon . | . . . . Parts Attached 36 | . 18 18 . Power 3 | . 2 1 . Engine 3 | . 2 1 . Core . | . . . . Reactor . | . . . . Propulsion 10 | . 4 6 . Treads 6 | . 3 3 . Leg . | . . . . Wheel 4 | . 1 3 . Hover . | . . . . Flight . | . . . . Utility 7 | . 6 1 . Device 5 | . 4 1 . Storage 1 | . 1 . . Processor 1 | . 1 . . Hackware . | . . . . Protection . | . . . . Artifact . | . . . . Weapon 16 | . 6 10 . Energy Gun 8 | . 5 3 . Energy Cannon . | . . . . Ballistic Gun 3 | . . 3 . Ballistic Cannon . | . . . . Launcher 3 | . 1 2 . Special Weapon . | . . . . Impact Weapon . | . . . . Slashing Weapon 2 | . . 2 . Piercing Weapon . | . . . . Special Melee Weapon . | . . . . Unidentified Prototypes . | . . . . Parts Lost 9 | . 3 6 . Power 2 | . 1 1 . Propulsion 3 | . . 3 . Utility 1 | . . 1 . Weapon 3 | . 2 1 . Highest Loss Streak 2 | . 2 2 . To Critical Strikes . | . . . . Average Slot Usage (%) 98 | . 97 99 100 Engine 13 | . 13 13 14 Treads 19 | . 26 14 14 Wheel 8 | . . 13 14 Device 13 | . 12 13 14 Storage 14 | . 14 14 14 Energy Gun 21 | . 27 17 28 Ballistic Gun 5 | . . 9 . Peak Build Rating 14 | . 11 14 13 Average Rating 11 | . 9 13 13 On Entrance 9 | 6 6 11 13 Naked Turns . | . . . . Heaviest Build 37 | 11 32 37 33 Greatest Support 40 | 20 40 40 20 Greatest Overweight (x) 3 | . 1 3 1 Average Overweight (x) 1 | . . 2 1 Largest Inventory Capacity 15 | . 15 15 15 Average Capacity 14 | . 14 15 15 Most Carried 15 | . 15 15 10 Average Carried 12 | . 12 13 10 Final Capacity 15 | 8 15 15 15 Final Carried 15 | 6 15 10 10 Class Distribution -------------------- 100% | Mutant Dominant Class ---------------- Mutant | -10/Materials Mutant | -10/Subcaves Mutant | -9/Recycling Resources | -11 -10 -10 -9 ----------- Run | Yrd Mat Sub Rec Matter Collected 886 | 200 226 460 . Remotely . | . . . . Salvage Created 1444 | . 748 696 . Parts 97 | . 46 51 . Haulers Intercepted 2 | . 2 . . Recyclers Shooed . | . . . . Parts Field Recycled . | . . . . Retrieved Matter . | . . . . Parts Self-Destructed 9 | . . 9 . Prevented . | . . . . Kills | -11 -10 -10 -9 ------- Run | Yrd Mat Sub Rec Combat Hostiles Destroyed 32 | . 15 17 . Guns 24 | . 11 13 . AOE 8 | . 4 4 . Classes Destroyed 9 | . 6 3 . Hauler 2 | . 2 . . Recycler 1 | . 1 . . Operator 1 | . 1 . . Turret 2 | . . 2 . Watcher 3 | . 3 . . Swarmer 10 | . 6 4 . Grunt 11 | . 9 2 . Cobbler 1 | . . 1 . Subdweller 11 | . . 11 . Best Kill Streak 6 | . 6 6 . Combat Bots Only 6 | . 6 4 . Max Kills in Single Turn 4 | . 2 4 . Gunslinging . | . . . . Exploded 2 | . 2 2 . Melee . | . . . . Uniques/NPCs Destroyed . | . . . . Combat | -11 -10 -10 -9 -------- Run | Yrd Mat Sub Rec Hostile Shots Fired 110 | . 59 51 . Missed 20 | . 8 12 . Damage Taken 1576 | . 591 985 . Core 230 | . 53 177 . Absorbed by Shields . | . . . . Regen/Repaired (Parts) 89 | . 89 . . Core Remaining (%) 100 | 100 . . . Volleys Fired 116 | . 63 53 . Largest 2 | . 2 2 . Hottest 100 | . 100 90 . Shots Fired 209 | . 109 100 . Gun 201 | . 107 94 . Cannon . | . . . . Launcher 8 | . 2 6 . Special . | . . . . Kinetic 50 | . . 50 . Thermal 50 | . 50 . . Explosive 2 | . 2 . . Electromagnetic 107 | . 57 50 . Robot Hit Streak 12 | . 9 12 . Robot Miss Streak 8 | . 3 8 . Penetration Max . | . . . . Secondary Targets 3 | . 2 1 . Max Gunslinging Chain 1 | . 1 1 . Shots Hit Robots 136 | . 60 76 . Core Hits 77 | . 28 49 . Critical Kills . | . . . . Critical Parts Destroyed . | . . . . Critical Strikes 4 | . 3 1 . Burn 3 | . 3 . . Corrupt 1 | . . 1 . Melee Attacks 11 | . . 11 . Impact . | . . . . Slashing 11 | . . 11 . Piercing . | . . . . Sneak Attacks 3 | . . 3 . Combat Hostiles . | . . . . Follow-up Attacks . | . . . . Damage Inflicted 3200 | . 1137 2063 . Guns 2166 | . 929 1237 . Cannons . | . . . . Explosions 830 | . 208 622 . Melee 204 | . . 204 . Ramming . | . . . . Kinetic 1349 | . . 1349 . Thermal 518 | . 482 36 . Explosive 85 | . 85 . . Electromagnetic 1044 | . 570 474 . Impact . | . . . . Slashing 204 | . . 204 . Piercing . | . . . . Highest Corruption . | . . . . Average Corruption . | . . . . Corruption Purged . | . . . . Corruption Blocked . | . . . . Overload Shots . | . . . . Overflow Damage 96 | . 65 31 . Projectiles . | . . . . Explosions 89 | . 65 24 . Melee 7 | . . 7 . Knockbacks . | . . . . Impact . | . . . . Kinetic . | . . . . Secondary . | . . . . Self-Inflicted Damage 115 | . 55 60 . Shots 3 | . 1 2 . Rammed 1 | . 1 . . Targets Rammed 1 | . 1 . . Kicked . | . . . . Crushed . | . . . . Highest Temperature 363 | . 363 . . Average Temperature 116 | . 116 . . Received Heat Transfer 261 | . 201 60 . Effects 2 | . 2 . . Energy Bleed 1 | . 1 . . Matter Decay 1 | . 1 . . Siege Activations . | . . . . Robots Corrupted . | . . . . Combat Hostiles . | . . . . Parts Fried 3 | . 3 . . Impact Corruptions . | . . . . Robots Melted . | . . . . Combat Hostiles . | . . . . Parts Melted 5 | . 5 . . Heat Transferred 1459 | . 1409 50 . Parts Sabotaged . | . . . . Parts Stolen . | . . . . Parts Stripped . | . . . . Power Chain Reactions 2 | . 1 1 . Alert | -11 -10 -10 -9 ------- Run | Yrd Mat Sub Rec Peak Influence 236 | . 236 . . Initial . | . . . . Average 89 | . 90 . . Maximum Alert Level 1 | . 1 . . Low Security (%) 89 | . 89 . 100 Level 1 10 | . 10 . . Level 2 . | . . . . Level 3 . | . . . . Level 4 . | . . . . Level 5 . | . . . . High Security . | . . . . Max Security . | . . . . Squads Dispatched 2 | . 2 . . Investigation . | . . . . Extermination . | . . . . Reinforcement 2 | . 2 . . Assault . | . . . . Garrison . | . . . . Intercept . | . . . . Searches Triggered . | . . . . Construction Impeded . | . . . . Haulers Reinforced . | . . . . Active Scanning Responses . | . . . . Cargo Convoy Interrupts . | . . . . Stealth | -11 -10 -10 -9 --------- Run | Yrd Mat Sub Rec Distress Signals . | . . . . Communications Jammed . | . . . . Distress Signals . | . . . . Times Spotted 43 | . 22 21 . Peak Tracking Total 6 | . 6 2 . Tactical Retreats 6 | . . 6 . Traps | -11 -10 -10 -9 ------- Run | Yrd Mat Sub Rec Traps Triggered 6 | . 1 5 . Indirectly . | . . . . Trap Hack Attempts . | . . . . Triggered . | . . . . Disarmed . | . . . . Reprogrammed . | . . . . Reused . | . . . . Traps Extracted . | . . . . Installed . | . . . . Triggered 1 | . 1 . . Machines | -11 -10 -10 -9 ---------- Run | Yrd Mat Sub Rec Machines Disabled 5 | . 1 4 . Max in Single Turn 3 | . 1 3 . Machines Repaired . | . . . . Machines Dismantled . | . . . . Machines Sabotaged . | . . . . Overloaded Fab Kills . | . . . . Hacking | -11 -10 -10 -9 --------- Run | Yrd Mat Sub Rec Machines Accessed 9 | . 7 2 . Terminals 6 | . 6 . . Fabricators . | . . . . Repair Stations 1 | . 1 . . Recycling Units . | . . . . Scanalyzers . | . . . . Garrison Access . | . . . . Total Hacks 33 | . 19 14 . Successful 23 | . 9 14 . Failed 10 | . 10 . . Catastrophic 3 | . 3 . . Database Lockouts . | . . . . Manual 9 | . 9 . . Terminals 15 | . 15 . . Fabricators . | . . . . Repair Stations 4 | . 4 . . Recycling Units . | . . . . Scanalyzers . | . . . . Garrison Access . | . . . . Terminal Hacks 19 | . 5 14 . Record 13 | . . 13 . Robot Analysis 1 | . 1 . . Prototype ID Bank 2 | . 2 . . Terminal Index 1 | . 1 . . Locate Traps 1 | . 1 . . Derelict Proto ID Bank 1 | . . 1 . Fabricator Hacks . | . . . . Repair Station Hacks 2 | . 2 . . Scan Component 1 | . 1 . . Repair 1 | . 1 . . Recycling Unit Hacks . | . . . . Scanalyzer . | . . . . Garrison Access Hacks . | . . . . Unauthorized Hacks 2 | . 2 . . Terminals 2 | . 2 . . Botnet 2 | . 2 . . Fabricators . | . . . . Repair Stations . | . . . . Recycling Units . | . . . . Scanalyzers . | . . . . Garrison Access . | . . . . Data Cores Recovered . | . . . . Used . | . . . . Hacking Detections 7 | . 7 . . Full Trace Events . | . . . . Feedback Events . | . . . . Feedback Blocked . | . . . . Robot Schematics Acquired . | . . . . Robots Built . | . . . . Authchips . | . . . . Time . | . . . . Total Robot Build Rating . | . . . . Part Schematics Acquired . | . . . . Parts Built . | . . . . Authchips . | . . . . Time . | . . . . Total Part Build Rating . | . . . . Parts Repaired 1 | . 1 . . Time 26 | . 26 . . Parts Recycled . | . . . . Recycled Matter . | . . . . Retrieved Matter . | . . . . Retrieved Components . | . . . . Parts Scanalyzed . | . . . . Part Schematics Acquired . | . . . . Parts Damaged . | . . . . Bothacking | -11 -10 -10 -9 ------------ Run | Yrd Mat Sub Rec Used RIF Installer . | . . . . Robots Hacked . | . . . . Non-combat . | . . . . Combat . | . . . . Robot Hacks Applied . | . . . . Relay Couplers Released . | . . . . Fabnet Peak Effective % . | . . . . Robots Rewired . | . . . . Allies Hacked . | . . . . Hacks Repelled . | . . . . Allies | -11 -10 -10 -9 -------- Run | Yrd Mat Sub Rec Total Allies . | . . . . Largest Group . | . . . . Highest-Rated Group . | . . . . Highest-Rated Ally . | . . . . Total Orders . | . . . . Ally Attacks . | . . . . Total Damage . | . . . . Kills . | . . . . Allies Corrupted . | . . . . Allies Melted . | . . . . Intel | -11 -10 -10 -9 ------- Run | Yrd Mat Sub Rec Robot Analysis Total 1 | . 1 . . Derelict Logs Recovered 2 | . . 2 . Drone Launches . | . . . . Drone Recoveries . | . . . . Exploration | -11 -10 -10 -9 ------------- Run | Yrd Mat Sub Rec Turns Passed 2948 | . 1218 1715 15 Spaces Moved 1764 | 1 600 1151 12 Core . | . . . . Treads 553 | . 525 28 . Legs 54 | 1 53 . . Wheels 1157 | . 22 1123 12 Hover . | . . . . Flight . | . . . . Fastest Speed 95 | 120 95 120 120 Average Speed 134 | 120 154 124 120 Slowest Speed 160 | 120 160 160 120 Overloaded Moves . | . . . . Propulsion Burnouts . | . . . . Robots Hopped . | . . . . Cave-ins Triggered . | . . . . Exploration Rate (%) 41 | 2 87 68 7 Regions Visited 3 Branch Regions 2 Pre-discovered Areas 2 | . . 2 . Known Exits Taken . | . . . . Unknown Exits Taken 3 | 1 1 1 . Scrap Searched 12 | . . 12 . Spaces Dug 16 | . . 16 . Terrain Destroyed 71 | . 7 64 . Melee . | . . . . Projectile . | . . . . AOE 71 | . 7 64 . Terrain Rammed . | . . . . Walls Destroyed . | . . . . Machines Disabled . | . . . . Actions | -11 -10 -10 -9 --------- Run | Yrd Mat Sub Rec Total 2102 | . 786 1304 12 Wait 123 | . 73 50 . Move 1761 | . 599 1150 12 Hop . | . . . . Pick Up 29 | . 19 10 . Fast Attach 5 | . 4 1 . Attach 15 | . 7 8 . Detach 3 | . 3 . . Swap 16 | . 7 9 . Drop 22 | . 10 12 . Fire 116 | . 63 53 . Melee 11 | . . 11 . Ram . | . . . . Kick . | . . . . Crush 1 | . 1 . . Escape Stasis . | . . . . Rewire . | . . . . Trap . | . . . . Miscellaneous . | . . . . Route ------- -11/Scrapyard -10/Materials (discovered 4 exits: *Mat x2 / *Min / *Sub) -10/Subcaves (discovered 2 exits: [*Mat] / [*Rec]) -9/Recycling History --------- Turn | Location | Event 1 | -11/Scrapyard | Discovered new exit (range 0) 1 | -11/Scrapyard | Entered Materials 315 | -10/Materials | Discovered new exit (range 15) 380 | -10/Materials | Build established: Mutant 472 | -10/Materials | Discovered new exit (range 16) 519 | -10/Materials | Repaired Lgt. Treads 750 | -10/Materials | Discovered new exit (range 5) 877 | -10/Materials | Identified exit to Materials 938 | -10/Materials | Identified exit to Mines 1205 | -10/Materials | Discovered new exit (range 10) 1219 | -10/Materials | Entered Subcaves 1234 | -10/Subcaves | Learned Materials stockpile data 1351 | -10/Subcaves | Shifting Twisted Machinery released Sub. Power Source 1441 | -10/Subcaves | Ambushed by angry Subdweller bent on revenge 1461 | -10/Subcaves | Visited Clippyterm 1465 | -10/Subcaves | Learned location of Extension (-5) 1465 | -10/Subcaves | Learned Factory garrison access intel 1551 | -10/Subcaves | Shifting Twisted Machinery released Battle Cannon 1600 | -10/Subcaves | Disturbed a concealed Subdweller 1832 | -10/Subcaves | Learned location of Zion (-6) 1832 | -10/Subcaves | Met a Zionite searching for "candidates" 2032 | -10/Subcaves | Core integrity fell below 50% 2106 | -10/Subcaves | Discovered new exit (range 14) 2315 | -10/Subcaves | Shifting Twisted Machinery released Sub. Power Source 2342 | -10/Subcaves | Shifting Twisted Machinery released Sub. Laser 2383 | -10/Subcaves | Visited 4L-MR0's lab 2476 | -10/Subcaves | Learned Materials terminal intel 2498 | -10/Subcaves | Core integrity fell below 20% 2534 | -10/Subcaves | Discovered new exit (range 11) 2651 | -10/Subcaves | A swath of the cavern ceiling suddenly collapsed 2878 | -10/Subcaves | Shifting Twisted Machinery released Barrage Gun 2881 | -10/Subcaves | Shifting Twisted Machinery released Battle Cannon 2934 | -10/Subcaves | Entered Recycling 2949 | -9/Recycling | Self-destructed Last Messages --------------- 02524_ Wheel destroyed. 02534_ EXIT=FOUND 02585_ Subatomizers dissect the Corrupted Sub. Monowheel. A swath of the cavern ceiling suddenly collapses. 02722_ Hvy. EM Pulse Gun destroyed. 02723_ G-47 Trooper destroyed. 02726_ Chain reaction triggered in Ion Engine. 02726_ G-34 Mercenary destroyed. 02729_ Dropped Mak. Shrapnel Gun. 02730_ Particle Gun fries itself beyond repair. 02730_ Corrupted Sml. Laser fries itself beyond repair. 02730_ Dropped Lgt. EM Pulse Cannon. 02731_ Acquired 31 matter. 02741_ Imp. Heat Sink fries itself beyond repair. 02741_ Aluminum Leg fries itself beyond repair. Barrage Gun falls loose from the Twisted Machinery. Battle Cannon falls loose from the Twisted Machinery. 02886_ Acquired Barrage Gun. LOCATION=UNKNOWN GOAL=ESCAPE Map ----- +----------------------------------------------------+ | ?????????????????????????????????????????????????? | | ?????????????????????????????????????????????????? | | ?????????????????????????????????????????????????? | | ?????????????????????????????????????????????????? | | ?????????????????????????????????????????????????? | | ?????????????????????????????????????????????????? | | ?????????????????????????????????????????????????? | | ?????????????????????????????????????????????????? | | ?????????????????????????????????????????????????? | | ?????????????????????????????????????????????????? | | ?????????????????????????????????????????????????? | | ?????????????????????????????????????????????????? | | ????????????????????? ?????????????????????????? | | ????????????????????# ?????????????????????????? | | ????????????????????# ?????????????????????????? | | ????????????????????# ?????????????????????????? | | ????????????????????# ?????????????????????????? | | ????????????????????# ?????????????????????????? | | ????????????????????# ?????????????????????????? | | ????????????????????# #########????????????????? | | ????????????????????# # ?????????????????? | | ????????????????????# # """ #???????????????? | | ????????????????????# # """ #???????????????? | | ????????????????????# # """ #???????????????? | | ????????????????????# # #???????????????? | | ??????????##????????# #@ """ #???????????????? | | ?????????## ####### + """ #???????????????? | | ???????? T # """ #???????????????? | | ??????????? ## # #???????????????? | | ???????????????# ##########???????????????? | | ???????????????# #????????????????????????? | | ???????????????# ########?????????????????? | | ???????????????# #?????????????????? | | ?????????????+ #?????????????????? | | ?????????????######## #?????????????????? | | ????????????????????#####+######?????????????????? | | ?????????????????????????????????????????????????? | | ?????????????????????????????????????????????????? | | ?????????????????????????????????????????????????? | | ?????????????????????????????????????????????????? | | ?????????????????????????????????????????????????? | | ?????????????????????????????????????????????????? | | ?????????????????????????????????????????????????? | | ?????????????????????????????????????????????????? | | ?????????????????????????????????????????????????? | | ?????????????????????????????????????????????????? | | ?????????????????????????????????????????????????? | | | | | | | +----------------------------------------------------+ Best States ------------- Heat Dissipation 35 Coolant Potential 50 Energy Generation 10 Energy Capacity 250 Matter Stores 300 Matter Capacity 300 Sight Range 16 Terrain Scan Range 14 Terrain Scan Density 10 Evasion (%) 55 Recoil Reduction 2 Item Schematics ----------------- None Robot Schematics ------------------ None Fabricated ------------ Nothing Alien Tech Used ----------------- None Achievements -------------- None Challenges ------------ None Game ------ Seed AssaultSpectralImmobilizer Manual? 0 Play Time 00:36:44 Cumulative 52.8 hours Start 2024.09.05 @ 11:03:44 End 2024.09.05 @ 11:41:42 Sessions 1 Manual Loads 0 Difficulty Rogue Special Mode None Game No. 30 Rogue 30 Adventurer 0 Explorer 0 Win Type - Total 0 Types 0/0/0/0/0/0/0/0/0 Lore% 18 Gallery% 24 Achievement% 31 Wizard Run 0 Options --------- Layout 0 ASCII 0 Keyboard 0 Movement Mouse Keybinds 0 Fullscreen 1 Font 16/SmallcapsGlow Map View 37x27 Zoom Use 85% Tactical HUD 1 Map Filters NONE Filters NONE Steam X RUN: 9137687d-4638-46f3-ad46-40643d29c2b7